 Dungeon Crawl Stone Soup version 0.30-a0-534-gdc55766716 (webtiles) character file.

Game seed: 3269326327034664424

86 Jase the Trooper (level 4, 0/41 HPs)
             Began as a Hill Orc Fighter on Dec 25, 2022.
             Slain by a gnoll
             ... wielding a +0 spear
              (2 damage)
             ... on level 3 of the Dungeon.
             The game lasted 00:02:24 (1677 turns).

Jase the Trooper (Hill Orc Fighter)                 Turns: 1677, Time: 00:02:25

Health: 0/41       AC:  7    Str: 26    XL:     4   Next: 50%
Magic:  4/4        EV: 10    Int:  8    God:
Gold:   137        SH:  0    Dex: 10    Spells: 3/3 levels left

rFire   . . .      SeeInvis .    a - +0 war axe
rCold   . . .      Faith    .    (no shield)
rNeg    . . .      Spirit   .    b - +0 scale mail
rPois   .          Reflect  .    (no helmet)
rElec   .          Harm     .    (no cloak)
rCorr   .          Rampage  .    (no gloves)
Will    +....                    (no boots) Stlth
                                 (no amulet)
HPRegen 0.26/turn                g - +6 ring of strength
MPRegen 0.09/turn                t - ring of willpower

@: no status effects
A: no striking features
a: no special abilities


You were on level 3 of the Dungeon.
You visited 1 branch of the dungeon, and saw 3 of its levels.

You collected 137 gold pieces.

Inventory:

Hand Weapons
 a - a +0 war axe (weapon)
Missiles
 l - 21 stones (quivered)
 p - 5 javelins
 s - 5 poisoned darts
Armour
 b - a +0 scale mail (worn)
Jewellery
 g - a +6 ring of strength (left hand)
 t - a ring of willpower (right hand)
Wands
 u - a wand of paralysis (8)
Scrolls
 c - 2 scrolls of immolation {unknown}
 e - 3 scrolls of enchant weapon {unknown}
 f - 3 scrolls of identify {unknown}
 i - 3 scrolls of teleportation {unknown}
 n - a scroll of fog {unknown}
 o - 3 scrolls of vulnerability {unknown}
Potions
 d - a potion of might
 h - a potion of flight {unknown}
 j - 2 potions of curing {unknown}
 k - 2 potions of degeneration {unknown}
 m - 2 potions of attraction {unknown}
 q - a potion of heal wounds {unknown}
 r - a potion of brilliance {unknown}


   Skills:
 + Level 4.6 Fighting
 + Level 4.1 Axes
 + Level 4.2 Armour
 - Level 3.2 Shields


You had 3 spell levels left.
You didn't know any spells.
Your spell library contained the following spells:

 Spells                   Type           Power      Damage    Failure   Level
 Slow                     Hex            0%         N/A       67%         1
 Confusing Touch          Hex            0%         N/A       96%         3
 Vampiric Draining        Necr           0%         2d6       96%         3


Dungeon Overview and Level Annotations

Branches:
Dungeon (3/15)

Altars:


Message History

The gnoll hits you with a +0 spear. The gnoll barely misses you.
The gnoll hits you with a +0 club.
You barely miss the gnoll. You slash the gnoll! x2
You kill the gnoll!
The gnoll hits you with a +0 spear.
* * * LOW HITPOINT WARNING * * *
The gnoll closely misses you.
Your Axes skill increases to level 4!
You closely miss the gnoll. You slash the gnoll!
You kill the gnoll!
The gnoll hits you but does no damage.
You barely miss the gnoll. The gnoll hits you but does no damage.
You barely miss the gnoll. The gnoll barely misses you. The gnoll misses you.
You hit the gnoll.
The gnoll is lightly wounded.
The gnoll misses you.
You hit the gnoll.
The gnoll is moderately wounded.
The gnoll hits you with a +0 spear.
* * * LOW HITPOINT WARNING * * *
You hit the gnoll.
The gnoll is severely wounded.
The gnoll hits you with a +0 spear.
* * * LOW HITPOINT WARNING * * *
The gnoll closely misses you.
You hit the gnoll but do no damage.
The gnoll is severely wounded.
The gnoll hits you with a +0 spear.
* * * LOW HITPOINT WARNING * * *
You hit the gnoll but do no damage.
The gnoll is severely wounded.
The gnoll hits you but does no damage.
You closely miss the gnoll.
The gnoll is severely wounded.
The gnoll hits you but does no damage. The gnoll hits you with a +0 spear.
* * * LOW HITPOINT WARNING * * *
You barely miss the gnoll.
The gnoll is severely wounded.
The gnoll hits you with a +0 spear.
You die...

### #.. ####.#
#....###############
#$.)...†..<.......
#g@/......#######.
#...)........#
#.(..........#
+............#
#............#
....#.........#
......##########
####..


You could see a gnoll.

Vanquished Creatures
  2 adders (D:2)
  2 gnolls (D:3)
  2 worms (D:2)
  7 endoplasms
  2 giant cockroaches
  2 goblins
  4 hobgoblins
  2 jackals (D:2)
  A quokka (D:3)
  3 ball pythons
  5 bats
  5 frilled lizards
  3 kobolds (D:1)
  3 rats
43 creatures vanquished.

Notes
Turn   | Place    | Note
-------+----------+-------------------------------------------
     0 | D:1      | Jase the Hill Orc Fighter began the quest for the Orb.
     0 | D:1      | Reached XP level 1. HP: 19/19 MP: 1/1
   103 | D:1      | Reached XP level 2. HP: 27/27 MP: 2/2
   780 | D:1      | Reached XP level 3. HP: 33/33 MP: 3/3
  1375 | D:2      | Reached XP level 4. HP: 41/41 MP: 4/4
  1676 | D:3      | HP: 2/41 [gnoll/+0 spear (3)]
  1677 | D:3      | Slain by a gnoll

Illustrated notes

Levels and vault maps discovered:
D:1:      matt_arrival_diagonals, layout_basic, minmay_tetromino_t2
D:2:      layout_loops_ring
D:3:      layout_basic, portal_sewer_entry_b, minmay_misc_feat_tower

Skill      XL: |  1  2  3  4 |
---------------+-------------+-----
Axes           | 3 4 |  4.1
Fighting       | 4 |  4.6
Armour         | 4 |  4.2
Shields        | |  3.2

Action                   |  1- 3 |  4- 6 || total
-------------------------+-------+-------++-------
Melee: War axe           |    82 |    26 ||   108
Armor: Scale mail        |    41 |    13 ||    54
Dodge: Dodged            |    51 |    17 ||    68

Table legend: (Time is in decaauts)
 A = Elapsed time spent in this place.
 B = Non-inter-level travel time spent in this place.
 C = Inter-level travel time spent in this place.
 D = Time resting spent in this place.
 E = Time spent auto-exploring this place.
 F = Levels seen in this place.
 G = Mean time per level.
                   A        B        C        D        E       F      G
               +--------+--------+--------+--------+--------+-----+--------+
         Total |   1710 |   1671 |     39 |      0 |   1373 |   3 |  570.0 |
       Dungeon |   1710 |   1671 |     39 |      0 |   1373 |   3 |  570.0 |
               +--------+--------+--------+--------+--------+-----+--------+

Top non-repeatable levels by time:
     D:1: 902 daAuts
     D:2: 773 daAuts
     D:3: 34 daAuts
